[Event "Thursday Night Engine Tour 7rd Swiss 12m+1s Starts at 2200hrs ST"]
[Site "Infinity Chess"]
[Date "2018.4.5"]
[Round "1"]
[White "Dovahkiin"]
[Black "Deep_Impact"]
[Result "1/2-1/2"]
[ECO "C24"]
[WhiteElo "2373"]
[BlackElo "2461"]
[WhiteEngine "corchess_x64_modern_CTG"]
[BlackEngine "BrainFish_180404_x64_bmi2"]
[EventType "Swiss"]
[WhiteTeam ""]
[BlackTeam ""]
[PlyCount "145"]
[TimeControl "720+1"]

1. e4 e5 2. Bc4 Nf6 3. d3 c6 4. Nf3 d5 5. Bb3 a5 6. a4 Bb4+ 7. c3 Bd6 8. O-O O-O 
9. exd5 cxd5 10. Bg5 Be6 11. Na3 Nbd7 12. Re1 Rc8 13. h3 Bb8 14. Bh4 Re8 
15. Re3 h6 16. Nb5 Rc6 17. Bg3 Bf5 18. Qd2 Bg6 19. Rd1 Rce6 20. Nh4 Bh7 
21. Nf3 R6e7 22. Rde1 Nc5 23. Bc2 e4 24. Bxb8 Qxb8 25. d4 Ncd7 26. Bb3 Re6 
27. Nh2 Nb6 28. Na3 Qd8 29. Ng4 Nh5 30. c4 dxc4 31. Nxc4 Nxc4 32. Bxc4 Rd6 
33. Rd1 Bf5 34. Rb3 b6 35. Bb5 Be6 36. Rc3 Rf8 37. Ne5 Qh4 38. g3 Qg5 
39. Qxg5 hxg5 40. Rc6 Rxc6 41. Bxc6 Nf6 42. d5 Bxh3 43. b4 axb4 44. Nc4 Bf5 
45. Rd2 e3 46. fxe3 Rb8 47. Rd4 Bd7 48. Ne5 Bxc6 49. dxc6 Rc8 50. Rxb4 Nd5 
51. Rb5 Nxe3 52. Rxb6 f6 53. Nd7 Kh7 54. g4 Nc4 55. Ra6 Kg6 56. Kf2 Kf7 
57. Ke2 Ke6 58. Kd3 Ne5+ 59. Nxe5 Kxe5 60. Kc4 Kd6 61. Kb5 f5 62. gxf5 g4 
63. a5 g3 64. c7+ Kxc7 65. Rg6 Rb8+ 66. Ka4 Rf8 67. a6 g2 68. Rxg2 Kb6 
69. Rg6+ Ka7 70. Rxg7+ Kxa6 71. Rg5 Kb6 72. Kb3 Kb5 73. Rg4 1/2-1/2

[Event "Thursday Night Engine Tour 7rd Swiss 12m+1s Starts at 2200hrs ST"]
[Site "Infinity Chess"]
[Date "2018.4.5"]
[Round "1"]
[White "Macho"]
[Black "star99"]
[Result "1-0"]
[ECO "B53"]
[WhiteElo "2463"]
[BlackElo "2383"]
[WhiteEngine "asmFishW_2018-04-01_popcnt_CTG"]
[BlackEngine "Cryptic Heroes 9.3B"]
[EventType "Swiss"]
[WhiteTeam ""]
[BlackTeam ""]
[PlyCount "187"]
[TimeControl "720+1"]

1. e4 c5 2. Nf3 d6 3. d4 Nf6 4. Nc3 cxd4 5. Nxd4 Nc6 6. Bg5 e6 7. Qd2 Be7 
8. O-O-O O-O 9. f4 Nxd4 10. Qxd4 h6 11. Bh4 Qa5 12. Bc4 e5 13. fxe5 dxe5 
14. Qd3 Bg4 15. Rdf1 Rfd8 16. Qg3 Rac8 17. Bxf6 Bxf6 18. Bb3 Be6 19. Kb1 Rd6 
20. Nd5 Bxd5 21. Bxd5 Rb6 22. Bb3 Qc5 23. Rd1 Rd6 24. Rxd6 Qxd6 25. h4 b5 
26. Qh3 Rd8 27. a3 Qe7 28. Bd5 Kf8 29. g4 g5 30. hxg5 Bxg5 31. Qc3 Kg7 
32. Rf1 Rf8 33. Qa5 Qd7 34. Rf5 Bf6 35. Qa6 Be7 36. Ka2 f6 37. Bb3 Rb8 
38. Rf3 Rb6 39. Qa5 b4 40. Rd3 Qb5 41. Qxb5 Rxb5 42. Rd7 Kf8 43. Rxa7 bxa3 
44. bxa3 Bc5 45. Rf7+ Ke8 46. Rxf6 Rb6 47. Rf5 Bd4 48. Rf3 Bc5 49. c3 Be7 
50. Rf5 Kd7 51. Rxe5 Bd8 52. Ba4+ Kc7 53. Rc5+ Kb7 54. Bb3 Be7 55. Rf5 Kc7 
56. a4 Rf6 57. e5 Rg6 58. Bd1 Ra6 59. Kb3 Rb6+ 60. Kc4 Ra6 61. Rf7 Kd8 
62. Kb5 Re6 63. Rf5 Kc7 64. Bf3 Rb6+ 65. Kc4 Rb8 66. Rf7 Kd7 67. Bc6+ Ke6 
68. Bd5+ Kd7 69. a5 Rb1 70. a6 Ra1 71. Bc6+ Kxc6 72. Rxe7 Ra4+ 73. Kb3 Rf4 
74. a7 Rf8 75. e6 h5 76. Rf7 Re8 77. e7 hxg4 78. a8=Q+ Rxa8 79. Rf8 Re8 
80. Rxe8 Kd7 81. Rg8 Kxe7 82. c4 Kd6 83. Rxg4 Kc5 84. Re4 Kd6 85. Kb4 Kc6 
86. Re2 Kb6 87. c5+ Kb7 88. Kb5 Kc7 89. Rd2 Kb7 90. Rd6 Ka7 91. Rd7+ Kb8 
92. c6 Kc8 93. Kb6 Kb8 94. Rd8# 1-0

[Event "Thursday Night Engine Tour 7rd Swiss 12m+1s Starts at 2200hrs ST"]
[Site "Infinity Chess"]
[Date "2018.4.5"]
[Round "1"]
[White "ocirema"]
[Black "OlivierEvan"]
[Result "1/2-1/2 "]
[ECO "B06"]
[WhiteElo "2413"]
[BlackElo "2481"]
[WhiteEngine "asmFishW_2018-04-01_popcnt_CTG"]
[BlackEngine "Houdini 6"]
[EventType "Swiss"]
[WhiteTeam ""]
[BlackTeam ""]
[PlyCount "200"]
[TimeControl "720+1"]

1. e4 g6 2. d4 Bg7 3. Nc3 d6 4. Nf3 a6 5. Bc4 e6 6. O-O b5 7. Bd3 Bb7 8. Re1 Nd7 
9. a4 b4 10. Ne2 Ngf6 11. Ng3 c5 12. c3 O-O 13. a5 Qc7 14. Bd2 bxc3 
15. bxc3 Rfd8 16. h3 Rdc8 17. Qe2 Rcb8 18. Bf4 Re8 19. Bg5 h6 20. Bf4 Bf8 
21. Qd2 Kh7 22. Qe2 Kg8 23. Reb1 Bc6 24. Qd2 Kh7 25. Re1 Bb7 26. Qa2 Kg8 
27. Qe2 Bc6 28. Qd2 Kh7 29. Qe2 Kg8 30. Qd2 Kh7 31. Qc2 Bb7 32. Qa2 Kg8 
33. Be3 Rec8 34. Qd2 Kh7 35. Reb1 Rcb8 36. h4 Ng4 37. h5 c4 38. hxg6+ fxg6 
39. Bc2 e5 40. Ra4 Bc8 41. Rxb8 Rxb8 42. Qe2 Nxe3 43. fxe3 Nf6 44. Qxc4 Rb7 
45. Bd3 Kg7 46. Rb4 Qxc4 47. Rxc4 Bd7 48. Rb4 Bc8 49. Rc4 Bd7 50. Rb4 Bc8 
51. Nd2 Rc7 52. Rc4 Rxc4 53. Nxc4 Bb7 54. Kf2 h5 55. Kf3 Be7 56. Bc2 Nh7 
57. d5 Bc8 58. Nf1 Nf6 59. Nfd2 Kf8 60. Kf2 Nd7 61. Bd1 Ke8 62. Nb6 Kd8 
63. Nxd7 Kxd7 64. Be2 Kc7 65. Nc4 Bh4+ 66. Kf1 Bd8 67. Kg1 Bg5 68. Kf2 Bh4+ 
69. Kf1 Bd8 70. Nb6 Kb8 71. Nxc8 Kxc8 72. Bxa6+ Kb8 73. Bb5 Bxa5 74. Be8 g5 
75. Bxh5 Bxc3 76. Be2 Kb7 77. Bg4 Bb4 78. Kf2 Ba5 79. Bd7 Bd2 80. Ke2 Bb4 
81. Kd3 Kb6 82. Ke2 Kb7 83. Bc6+ Kc7 84. Kf3 Bc5 85. Be8 Kb7 86. Bc6+ Kc7 
87. Bb5 Kb6 88. Bd3 Kc7 89. Bc4 Kb6 90. Bf1 Kc7 91. Ba6 Kd8 92. Kf2 Kc7 
93. Bf1 Kb8 94. Bb5 Kc7 95. Kf3 Kb6 96. Be8 Kb7 97. Kf2 Kb6 98. Bc6 Bb4 
99. Ke2 Kc7 100. Kd3 Kb6 1/2-1/2

[Event "Thursday Night Engine Tour 7rd Swiss 12m+1s Starts at 2200hrs ST"]
[Site "Infinity Chess"]
[Date "2018.4.5"]
[Round "1"]
[White "THE_MACHINE"]
[Black "Thinker"]
[Result "1/2-1/2"]
[ECO "C50"]
[WhiteElo "2484"]
[BlackElo "2440"]
[WhiteEngine "BrainFish_180404_x64_bmi2"]
[BlackEngine "BrainFish_180329_x64_modern_CTG"]
[EventType "Swiss"]
[WhiteTeam ""]
[BlackTeam ""]
[PlyCount "216"]
[TimeControl "720+1"]

1. e4 e5 2. Nf3 Nc6 3. Bc4 Bc5 4. O-O Nf6 5. d3 O-O 6. c3 d6 7. Nbd2 a6 
8. a4 Ne7 9. Re1 Ng6 10. Nf1 c6 11. h3 h6 12. Bb3 Bb6 13. Ng3 d5 14. d4 Nxe4 
15. Nxe4 dxe4 16. Nxe5 Nxe5 17. dxe5 Qxd1 18. Bxd1 Bf5 19. g4 Bh7 20. a5 Ba7 
21. Bc2 Rad8 22. Ra4 Bxf2+ 23. Kxf2 e3+ 24. Bxe3 Bxc2 25. Rd4 Rxd4 26. Bxd4 Bb3 
27. Bb6 Re8 28. Bc7 g5 29. Bd6 Bd5 30. Rg1 Bb3 31. Re1 Be6 32. Re4 Rd8 
33. Rd4 Kg7 34. Be7 Rd5 35. Rxd5 Bxd5 36. Ke3 c5 37. Kf2 c4 38. Kg3 Kg6 
39. Bd8 Be6 40. Kf2 h5 41. Kg3 h4+ 42. Kf2 Bd7 43. Be7 Bc6 44. Bf6 Be4 
45. Be7 Bd3 46. Bf6 Bc2 47. Be7 Be4 48. Bd8 Kh6 49. Be7 Kg6 50. Kf1 Bc6 
51. Kf2 Bd5 52. Bf6 Be6 53. Kf3 Bd5+ 54. Kf2 Be4 55. Be7 Bb1 56. Bc5 Bc2 
57. Bb4 f6 58. exf6 Kxf6 59. Bd6 Bd1 60. Bc5 Bb3 61. Ba3 Kf7 62. Bb4 Kf6 
63. Ba3 Ke6 64. Bb4 Kf7 65. Ba3 Kf6 66. Bb4 Kg6 67. Ke3 Bd1 68. Bf8 Kf6 
69. Bc5 Bb3 70. Ba3 Kf7 71. Bb4 Bd1 72. Kf2 Kg6 73. Be7 Bc2 74. Ke3 Bd1 
75. Bd8 Ba4 76. Bb6 Kf7 77. Bd4 Bc2 78. Bc5 Kg6 79. Bb4 Ba4 80. Be7 Bb3 
81. Ba3 Bc2 82. Kf3 Kf6 83. Bb4 Bd3 84. Kf2 Bc2 85. Kf3 Bg6 86. Kg2 Ke6 
87. Kf2 Bd3 88. Bf8 Be4 89. Ba3 Kd7 90. Bb4 Ke6 91. Bc5 Bd3 92. Kg2 Kf6 
93. Kf2 Kf7 94. Kg2 Be4+ 95. Kg1 Bg6 96. Kh2 Bc2 97. Kg2 Be4+ 98. Kf1 Bf3 
99. Kf2 Bc6 100. Bd6 Be4 101. Bb4 Kf6 102. Bc5 Kg6 103. Bb6 Kf7 104. Be3 Kf6 
105. Kf1 Bd5 106. Kg1 Be6 107. Bb6 Kg6 108. Kf2 Bc8 1/2-1/2

[Event "Thursday Night Engine Tour 7rd Swiss 12m+1s Starts at 2200hrs ST"]
[Site "Infinity Chess"]
[Date "2018.4.5"]
[Round "1"]
[White "MrScience"]
[Black "MarioDeMonti"]
[Result "1/2-1/2"]
[ECO "E15"]
[WhiteElo "2447"]
[BlackElo "2498"]
[WhiteEngine "cfish"]
[BlackEngine "stockfish_x64_bmi2_2018_02_18_CTG"]
[EventType "Swiss"]
[WhiteTeam ""]
[BlackTeam ""]
[PlyCount "190"]
[TimeControl "720+1"]

1. d4 Nf6 2. c4 e6 3. Nf3 b6 4. g3 Ba6 5. Qa4 Bb7 6. Bg2 c5 7. dxc5 bxc5 
8. O-O Be7 9. Rd1 O-O 10. Nc3 Qb6 11. Qc2 d6 12. b3 Nc6 13. Bb2 Nb4 14. Qb1 Rad8 
15. e4 Rfe8 16. h3 h6 17. Ne1 Nh7 18. Nc2 Nc6 19. Qc1 Bf6 20. Qd2 a6 21. Ne3 Qc7 
22. Rab1 h5 23. h4 Be5 24. Ne2 Nf6 25. a3 Rd7 26. Qe1 Bxb2 27. Rxb2 Ne5 
28. f4 Neg4 29. Nxg4 Nxg4 30. Nc3 Qa5 31. Na4 Qd8 32. Rbd2 Qc7 33. Nc3 Bc6 
34. Bf3 Rb8 35. Rb2 Qa5 36. Rdb1 Qxa3 37. Ra2 Qb4 38. Rxa6 Rb6 39. Ra2 Rb8 
40. Qc1 Qb7 41. Re2 Nf6 42. Qc2 Qa8 43. Rd2 Rb4 44. Rdd1 Qb7 45. Rd2 Rd8 
46. Bg2 Rb6 47. Bf3 g6 48. Bg2 Kh7 49. Bf3 Kg7 50. Rdd1 Rd7 51. Rd2 Qb8 
52. Rd3 Qa8 53. Qe2 e5 54. f5 Ra6 55. Qe3 Ra1 56. Rxa1 Qxa1+ 57. Nd1 Rd8 
58. Kg2 Qa7 59. Nf2 Qa8 60. Rd2 Rd7 61. Kh2 Qh8 62. Qd3 Qh6 63. fxg6 fxg6 
64. Ra2 Qh8 65. Nh3 Qb8 66. Rd2 Nh7 67. Bg2 Qc7 68. Rd1 Rd8 69. Qd2 Qe7 
70. Ng5 Nxg5 71. hxg5 Bb7 72. Rf1 Rf8 73. Rd1 h4 74. gxh4 Rf4 75. Qe1 Qf8 
76. Ra1 Rg4 77. Ra7 Qb8 78. Bh3 Rxe4 79. Qxe4 Qxa7 80. Qe2 Qa1 81. Bg2 e4 
82. Qg4 Qe5+ 83. Kg1 Bc6 84. Qc8 Qd4+ 85. Kh2 Qe5+ 86. Kg1 Qf4 87. Qc7+ Kf8 
88. Qxc6 Qe3+ 89. Kf1 Qd3+ 90. Ke1 Qe3+ 91. Kf1 Qd3+ 92. Kg1 Qd4+ 93. Kh2 Qe5+ 
94. Kg1 Qd4+ 95. Kf1 Qd3+ 1/2-1/2

[Event "Thursday Night Engine Tour 7rd Swiss 12m+1s Starts at 2200hrs ST"]
[Site "Infinity Chess"]
[Date "2018.4.5"]
[Round "1"]
[White "Murx"]
[Black "SkyPilot"]
[Result "1/2-1/2"]
[ECO "C68"]
[WhiteElo "2499"]
[BlackElo "2452"]
[WhiteEngine "BrainFish_180404_x64_modern"]
[BlackEngine "stockfish_x64_bmi2_2018_03_30_CTG"]
[EventType "Swiss"]
[WhiteTeam ""]
[BlackTeam ""]
[PlyCount "243"]
[TimeControl "720+1"]

1. e4 e5 2. Nf3 Nc6 3. Bb5 a6 4. Bc4 Nf6 5. d3 Bc5 6. Nc3 d6 7. Bg5 Na5 
8. Bxf6 gxf6 9. Bb3 Rg8 10. Nh4 Bg4 11. Qd2 c6 12. O-O Nxb3 13. axb3 Rg5 
14. Kh1 Rh5 15. Nf5 Bxf5 16. exf5 d5 17. Ne2 Qd6 18. Ng3 Rg5 19. Ra4 O-O-O 
20. Qd1 Bd4 21. c3 Bb6 22. Qf3 Bc7 23. Rh4 Rh8 24. b4 h6 25. Nh5 Rhg8 26. g3 Kb8 
27. Kg2 Rh8 28. g4 Bb6 29. Qe2 Rgg8 30. Qd2 Rd8 31. Rd1 c5 32. bxc5 Qxc5 
33. d4 Qc6 34. Rh3 Bc7 35. Rd3 Rhg8 36. Qe2 e4 37. Re3 Rg5 38. h4 Qd6 
39. Rg3 Rgg8 40. Rh1 Rde8 41. Kh3 Ka7 42. Rgg1 Rc8 43. Rg3 Rce8 44. Qd2 Rh8 
45. Re3 b5 46. Qe1 Rc8 47. Qd2 Rhe8 48. Re2 Rh8 49. Re3 Rce8 50. Kg2 Rhg8 
51. Qe2 Re7 52. b3 Bb6 53. Ra1 Kb7 54. b4 Bc7 55. Kf1 Rd8 56. Rh3 Ree8 
57. Qd2 Rh8 58. Re1 Rdg8 59. Qe2 Ra8 60. Re3 Rhe8 61. Rh3 Rg8 62. Ra1 Rad8 
63. Ke1 Rc8 64. Re3 Bb6 65. Kf1 Rc4 66. Rh3 Qc6 67. Ra3 Bc7 68. Rb3 Rb8 
69. Kg2 Rc8 70. Re3 Re8 71. Kh3 Qd6 72. Rg3 Rg8 73. Qd2 Rh8 74. Kg2 Qc6 
75. Re3 Qd6 76. Rg3 Rc6 77. Kh3 Kb6 78. Qa2 Re8 79. Qe2 Rc4 80. Qa2 Ra8 
81. Qd2 Rh8 82. Kg2 Rc6 83. Kh3 Rc4 84. Qe2 Bb8 85. Qa2 Ka7 86. Qd2 Bc7 
87. Qd1 Rc8 88. Qe2 Kb7 89. Kg2 Qd7 90. Re3 Qd6 91. Rg3 Rg8 92. Kh3 Ka8 
93. Qd2 Rh8 94. Qe2 Re8 95. Qa2 Qb6 96. Re3 Kb7 97. Qd2 Bb8 98. f3 Qd6 
99. Qf2 Rcc8 100. Rb2 exf3 101. Rxf3 Qe7 102. Qg2 Rc6 103. Qf2 Kb6 104. Qf1 Qe1 
105. Qxe1 Rxe1 106. Kg2 Kb7 107. Ra2 Re4 108. Kh3 Re8 109. Kg2 Bc7 110. Rd3 Re1 
111. Rf3 Re4 112. Kh3 Bb8 113. Rb2 Kb6 114. Rbf2 a5 115. bxa5+ Kxa5 116. Rb2 Bc7 
117. Ra2+ Kb6 118. Rb2 Ka6 119. Ra2+ Kb6 120. Rb2 Bb8 121. Rd2 Bc7 122. Rb2 
1/2-1/2

[Event "Thursday Night Engine Tour 9 rd Swiss 5m+1s Starts at 2200hrs"]
[Site "Infinity Chess"]
[Date "2018.4.26"]
[Round "7"]
[White "CoffeeOne"]
[Black "NINJA_JENGKA"]
[Result "1-0"]
[ECO "B30"]
[WhiteElo "2534"]
[BlackElo "2488"]
[WhiteEngine "cfish-2018-04-25-2"]
[BlackEngine "Houdini 6_CTG"]
[EventType "Swiss"]
[WhiteTeam ""]
[BlackTeam ""]
[PlyCount "137"]
[TimeControl "300+1"]

1. e4 c5 2. Nf3 Nc6 3. Nc3 g6 4. d4 cxd4 5. Nxd4 Bg7 6. Be3 Nf6 7. Bc4 O-O 
8. Bb3 d6 9. f3 Na5 10. Qd2 a6 11. h4 Nxb3 12. Nxb3 Be6 13. h5 Rc8 14. g4 d5 
15. hxg6 dxe4 16. g5 Qxd2+ 17. Nxd2 Nd7 18. gxh7+ Kh8 19. f4 b5 20. O-O-O b4 
21. Na4 Bg4 22. Rdg1 Bf5 23. b3 e5 24. Nc4 exf4 25. Bxf4 Be6 26. Rd1 Rc6 
27. Na5 Rcc8 28. Nc4 Rc6 29. Rh4 Re8 30. Nd6 Rf8 31. Nc4 Re8 32. Nd6 Rf8 
33. Nxe4 Bf5 34. Bg3 Re8 35. c4 Rxe4 36. Rxe4 Bxe4 37. Rxd7 f6 38. gxf6 Bxf6 
39. Bf4 Bg7 40. Rd6 Kxh7 41. Rxc6 Bxc6 42. Nc5 a5 43. Bc7 Bf8 44. Na4 Kg6 
45. Bxa5 Kf5 46. Bb6 Bh6+ 47. Kb2 Be4 48. Nc5 Bf8 49. Nxe4 Kxe4 50. Kc2 Be7 
51. Kd2 Bd6 52. Be3 Be7 53. c5 Kd5 54. Kd3 Bd8 55. c6 Bc7 56. Bg5 Ke5 
57. Kc4 Ke6 58. Bd2 Ke7 59. Bxb4+ Kd8 60. a4 Be5 61. a5 Bc7 62. a6 Ke8 
63. a7 Bh2 64. a8=Q+ Kf7 65. Kd5 Kg6 66. Qg8+ Kf6 67. Bd2 Bf4 68. Bxf4 Ke7 
69. Bg5# 1-0

[Event "Thursday Night Engine Tour 9 rd Swiss 5m+1s Starts at 2200hrs"]
[Site "Infinity Chess"]
[Date "2018.4.26"]
[Round "7"]
[White "Dovahkiin"]
[Black "Satria_Ungu"]
[Result "1-0"]
[ECO "B33"]
[WhiteElo "2471"]
[BlackElo "2403"]
[WhiteEngine "BrainFish_180423_x64_modern_CTG"]
[BlackEngine "Houdini 6_CTG"]
[EventType "Swiss"]
[WhiteTeam ""]
[BlackTeam ""]
[PlyCount "135"]
[TimeControl "300+1"]

1. e4 c5 2. Nf3 Nc6 3. d4 cxd4 4. Nxd4 Nf6 5. Nc3 d6 6. Bg5 a6 7. Qd2 e6 
8. O-O-O h6 9. Nxc6 bxc6 10. Bf4 d5 11. Qe3 Bb4 12. Be2 O-O 13. e5 Nd7 
14. Qg3 Kh7 15. Bd3+ Kh8 16. Qh3 Kg8 17. Ne2 Rb8 18. Qg3 Re8 19. Bxh6 Bf8 
20. Nf4 f5 21. Rhe1 a5 22. Be2 Qb6 23. b3 a4 24. Bh5 axb3 25. axb3 Qa5 
26. Bxe8 Nxe5 27. Rxe5 Qa1+ 28. Kd2 Qxe5 29. Re1 Qc7 30. Ra1 Bb4+ 31. Kc1 c5 
32. c3 Bxc3 33. Qxc3 gxh6 34. Qg3+ Qg7 35. Ra7 Qxg3 36. hxg3 e5 37. Nxd5 Kf8 
38. Nf6 Rb7 39. Ra8 Ke7 40. Rxc8 Kxf6 41. Kc2 Re7 42. Bb5 Ra7 43. Ba4 c4 
44. Rxc4 h5 45. Rc6+ Kg5 46. Rc5 Kf6 47. Kd2 Rg7 48. Rc6+ Kg5 49. b4 h4 
50. gxh4+ Kxh4 51. g3+ Kg4 52. Bd1+ Kg5 53. b5 Rd7+ 54. Kc2 e4 55. f4+ exf3 
56. Bxf3 Rh7 57. b6 Rh2+ 58. Kc3 Rh8 59. b7 Re8 60. Rc8 Re3+ 61. Kc2 Rxf3 
62. Rg8+ Kh6 63. b8=Q Rf2+ 64. Kd3 Rf3+ 65. Kc4 Rc3+ 66. Kxc3 Kh7 67. Qf8 f4 
68. Qg7# 1-0

[Event "Thursday Night Engine Tour 9 rd Swiss 5m+1s Starts at 2200hrs"]
[Site "Infinity Chess"]
[Date "2018.4.26"]
[Round "7"]
[White "star99"]
[Black "ocirema"]
[Result "1/2-1/2"]
[ECO "D02"]
[WhiteElo "2491"]
[BlackElo "2471"]
[WhiteEngine "Cryptic Heroes 9.4B"]
[BlackEngine "asmFishW_2018-04-24_popcnt"]
[EventType "Swiss"]
[WhiteTeam ""]
[BlackTeam ""]
[PlyCount "157"]
[TimeControl "300+1"]

1. d4 d5 2. Nf3 Nf6 3. c4 e6 4. e3 b6 5. Bd3 Bd6 6. b3 O-O 7. O-O Bb7 
8. Bb2 Nbd7 9. Nbd2 c5 10. Qe2 cxd4 11. exd4 Qe7 12. a3 Rfd8 13. Ne5 dxc4 
14. Ndxc4 Bc7 15. f4 b5 16. Ne3 a6 17. Rac1 Bb6 18. Nc6 Bxc6 19. Rxc6 Rab8 
20. Nf5 Qf8 21. Ne3 Qe8 22. Rcc1 Nf8 23. Nc2 Nd5 24. Rce1 g6 25. g4 f5 
26. Qg2 Qf7 27. Rf3 Bc7 28. Bc1 Ba5 29. Ref1 Kh8 30. Kh1 Nd7 31. g5 Bc3 
32. Qe2 Kg8 33. a4 bxa4 34. bxa4 N7b6 35. Bxa6 Nxa4 36. Bb5 Nab6 37. Ba6 Ra8 
38. Ba3 Ba5 39. Rb1 Rab8 40. Rbb3 Nc7 41. Nb4 Qd7 42. Kg2 Nbd5 43. Nxd5 Nxd5 
44. Bb5 Qc8 45. Bc4 Rxb3 46. Bxb3 Bc7 47. Bxd5 exd5 48. Bc1 Bb6 49. Rc3 Qd7 
50. Re3 Bxd4 51. Re7 Qc6 52. Bb2 Bc5 53. Rg7+ Kf8 54. Be5 Rd7 55. Rxd7 Qxd7 
56. Qa6 d4 57. Qf6+ Ke8 58. Qh8+ Bf8 59. Bxd4 Qd5+ 60. Kg3 Qb3+ 61. Kf2 Qc2+ 
62. Kg3 Qe4 63. h3 Qd5 64. Be3 Kf7 65. Qc3 Kg8 66. h4 Bg7 67. Qc8+ Bf8 
68. h5 Qe4 69. Qc3 gxh5 70. Qb3+ Kg7 71. Qb2+ Kf7 72. Qb3+ Kg7 73. Qc3+ Kf7 
74. Qb3+ Qe6 75. Qxe6+ Kxe6 76. Kh4 Kd5 77. Kxh5 Bg7 78. g6 hxg6+ 79. Kxg6 
1/2-1/2

[Event "Thursday Night Engine Tour 9 rd Swiss 5m+1s Starts at 2200hrs"]
[Site "Infinity Chess"]
[Date "2018.4.26"]
[Round "7"]
[White "Vimtiroba"]
[Black "BlitzMaster"]
[Result "1/2-1/2"]
[ECO "A13"]
[WhiteElo "2486"]
[BlackElo "2531"]
[WhiteEngine "AsmFish A25_CTG"]
[BlackEngine "asmFishW_2018-04-11_popcnt"]
[EventType "Swiss"]
[WhiteTeam ""]
[BlackTeam ""]
[PlyCount "155"]
[TimeControl "300+1"]

1. c4 e6 2. Nf3 d5 3. d4 Nf6 4. Nc3 c6 5. e3 Nbd7 6. Be2 Bd6 7. Qc2 O-O 8. b3 b6 
9. Bb2 Bb7 10. O-O Qe7 11. Rfe1 h6 12. Rad1 Bb4 13. Bd3 Rfd8 14. e4 dxe4 
15. Bxe4 Nxe4 16. Rxe4 Nf6 17. Re3 Ng4 18. Red3 Nf6 19. Re3 Re8 20. Qe2 Bd6 
21. h3 Rad8 22. Ne5 Nd7 23. Nd3 Nf6 24. Nb1 Qc7 25. Nd2 Rf8 26. Re1 Bh2+ 
27. Kh1 Bd6 28. Rf3 Be7 29. Kg1 Rfe8 30. Re3 Rf8 31. b4 Kh8 32. Rg3 Bd6 
33. Rf3 Qe7 34. Re3 Rfe8 35. a3 Kg8 36. Nf3 Nd7 37. Nd2 Nf6 38. Nf3 Nd7 
39. Bc3 Bb8 40. Qb2 Qf8 41. a4 b5 42. Nc5 Ba8 43. a5 bxc4 44. Qe2 Nf6 
45. Qxc4 Nd5 46. Re4 Ne7 47. Ne5 Nf5 48. Rf4 Rd5 49. g4 Bxe5 50. dxe5 Nh4 
51. Rf1 Qe7 52. Re4 Bb7 53. f4 Bc8 54. Re3 Ng6 55. Qe2 Red8 56. Kh2 Qc7 
57. Rf2 Qb8 58. Ne4 Qb5 59. Qf3 c5 60. Nxc5 Rxc5 61. bxc5 Bb7 62. Qe2 Qc6 
63. Qf1 Qxc5 64. Qe1 Qc4 65. Bd2 Rd4 66. a6 Bc6 67. Ra3 Qd5 68. Ra5 Qd7 
69. Rc5 Nh4 70. Be3 Rd1 71. Qe2 Be4 72. Qc4 Rh1+ 73. Kg3 Nf5+ 74. gxf5 Rg1+ 
75. Kh2 Rh1+ 76. Kg3 Rg1+ 77. Kh2 Rh1+ 78. Kg3 1/2-1/2

[Event "Thursday Night Engine Tour 9 rd Swiss 5m+1s Starts at 2200hrs"]
[Site "Infinity Chess"]
[Date "2018.4.26"]
[Round "7"]
[White "KRAKEN"]
[Black "incredible"]
[Result "1/2-1/2"]
[ECO "A50"]
[WhiteElo "2584"]
[BlackElo "2446"]
[WhiteEngine "Raubfisch ME262_GTZ17b2_CTG"]
[BlackEngine "Stockfish_x64_bmi2"]
[EventType "Swiss"]
[WhiteTeam ""]
[BlackTeam ""]
[PlyCount "149"]
[TimeControl "300+1"]

1. d4 Nf6 2. c4 c6 3. e3 d5 4. Nf3 e6 5. b3 Ne4 6. Bd3 Bb4+ 7. Nbd2 f5 
8. Ne5 Nd7 9. Nxd7 Bxd7 10. O-O Bd6 11. Nf3 O-O 12. Ne5 Be8 13. f3 Nf6 
14. Qc2 c5 15. Bb2 Qe7 16. Qe2 Rc8 17. a4 a6 18. Kh1 Rd8 19. Rfe1 h6 20. Kg1 Bh5 
21. Qc2 dxc4 22. Bxc4 Nd5 23. Nd3 Nb4 24. Nxb4 cxb4 25. e4 Bg6 26. exf5 Bxf5 
27. Qe2 Kh8 28. g3 Qf7 29. Kh1 Rc8 30. Rac1 Rc7 31. Qg2 Rfc8 32. a5 Re8 
33. Re3 Rce7 34. Qe2 Qg6 35. Re1 Qf6 36. Qg2 Qf7 37. Qd2 Bh3 38. Qc2 Bf5 
39. Qg2 Bc7 40. Ra1 Qh5 41. Qf2 Rf8 42. Rd1 Bd6 43. Qg2 Qf7 44. h3 h5 
45. Rde1 Rfe8 46. f4 Qg6 47. Bc1 Kg8 48. Bd2 Qf6 49. Bc1 Bc7 50. Bb2 Qg6 
51. d5 Bxa5 52. g4 hxg4 53. hxg4 Qxg4 54. Qxg4 Bxg4 55. Rg3 Bf5 56. d6 Rd7 
57. Rg5 g6 58. Re5 b5 59. Rexf5 bxc4 60. Rxa5 c3 61. Bc1 Rxd6 62. Kg2 Rd1 
63. Be3 Rc8 64. f5 exf5 65. Rxg6+ Kf7 66. Raxa6 c2 67. Rgf6+ Kg8 68. Rfc6 c1=Q 
69. Bxc1 Rxc1 70. Rxc8+ Rxc8 71. Rb6 f4 72. Rxb4 Rc3 73. Rb5 Kf7 74. Rb7+ Ke6 
75. Rb4 1/2-1/2

[Event "Thursday Night Engine Tour 9 rd Swiss 5m+1s Starts at 2200hrs"]
[Site "Infinity Chess"]
[Date "2018.4.26"]
[Round "6"]
[White "NINJA_JENGKA"]
[Black "star99"]
[Result "1/2-1/2"]
[ECO "D45"]
[WhiteElo "2488"]
[BlackElo "2491"]
[WhiteEngine "Houdini 6_CTG"]
[BlackEngine "Cryptic Heroes 9.4B"]
[EventType "Swiss"]
[WhiteTeam ""]
[BlackTeam ""]
[PlyCount "96"]
[TimeControl "300+1"]

1. d4 d5 2. c4 e6 3. Nc3 Nf6 4. Nf3 c6 5. e3 Nbd7 6. h3 a6 7. a4 Bb4 8. Bd3 b6 
9. O-O Bb7 10. cxd5 exd5 11. Ne5 O-O 12. Qc2 Qe7 13. f4 a5 14. Bd2 Qd6 
15. Ne2 Bxd2 16. Qxd2 c5 17. Nc3 cxd4 18. Nb5 Qe7 19. exd4 Ne4 20. Qe3 Ndf6 
21. g4 Rac8 22. Rad1 Qb4 23. f5 Qxb2 24. g5 Nh5 25. f6 g6 26. Rfe1 Ba6 
27. Rb1 Qa2 28. Re2 Qxa4 29. Nd7 Rc3 30. Nxb6 Bxb5 31. Nxa4 Rxd3 32. Rxb5 Rxe3 
33. Rxe3 Nxg5 34. Nb6 Nxf6 35. Nxd5 Nxd5 36. Rxd5 Ne6 37. Rd7 Ra8 38. Rf3 a4 
39. Rfxf7 a3 40. Ra7 Nxd4 41. Rg7+ Kf8 42. Kf2 a2 43. Rxa8+ Kxg7 44. Rxa2 g5 
45. h4 gxh4 46. Ra4 Nf5 47. Kf3 Kf6 48. Kf4 Ng7 1/2-1/2

[Event "Thursday Night Engine Tour 9 rd Swiss 5m+1s Starts at 2200hrs"]
[Site "Infinity Chess"]
[Date "2018.4.26"]
[Round "6"]
[White "ocirema"]
[Black "CoffeeOne"]
[Result "1/2-1/2"]
[ECO "D30"]
[WhiteElo "2468"]
[BlackElo "2537"]
[WhiteEngine "asmFishW_2018-04-24_popcnt"]
[BlackEngine "cfish-2018-04-25-2"]
[EventType "Swiss"]
[WhiteTeam ""]
[BlackTeam ""]
[PlyCount "137"]
[TimeControl "300+1"]

1. d4 d5 2. c4 e6 3. Nf3 Nf6 4. Nc3 c6 5. Bg5 h6 6. Bxf6 Qxf6 7. e3 Nd7 
8. Bd3 g6 9. O-O dxc4 10. Bxc4 Bg7 11. e4 e5 12. d5 O-O 13. Nd2 Nb6 14. Bb3 h5 
15. h3 Bh6 16. Qf3 Kg7 17. Rfd1 Bd7 18. Qe2 Rfd8 19. Nf3 Qe7 20. Re1 Rac8 
21. Rad1 Qe8 22. a3 f6 23. Nd2 a6 24. Nc4 Nxc4 25. Bxc4 c5 26. b3 b5 27. Bd3 Qf8 
28. Rb1 Rc7 29. Nd1 Rb8 30. Ne3 a5 31. Qd2 Rbb7 32. Bf1 Bg5 33. Qe2 Qa8 
34. Qc2 Qa7 35. Ra1 Rb8 36. Rab1 Rcc8 37. Ra1 Kf7 38. Rac1 h4 39. Qd1 Bh6 
40. Rb1 a4 41. bxa4 Bxe3 42. fxe3 Qxa4 43. Qxa4 bxa4 44. Ba6 Rd8 45. Bb7 Bc8 
46. Bc6 Ba6 47. Rxb8 Rxb8 48. Rd1 Be2 49. Rd2 Rb1+ 50. Kh2 Bb5 51. g3 Ke7 
52. gxh4 Bxc6 53. dxc6 Rb6 54. Rd7+ Ke6 55. Rg7 c4 56. Rxg6 c3 57. Rg1 c2 
58. Rc1 Rxc6 59. Kg3 f5 60. h5 fxe4 61. Kg4 Rc8 62. h6 Kf6 63. h7 Kg7 
64. Kf5 Rc3 65. Kxe4 Kxh7 66. Kd5 Rxa3 67. Kxe5 Rxe3+ 68. Kd4 Rxh3 69. Rxc2 
1/2-1/2

[Event "Thursday Night Engine Tour 9 rd Swiss 5m+1s Starts at 2200hrs"]
[Site "Infinity Chess"]
[Date "2018.4.26"]
[Round "6"]
[White "Vimtiroba"]
[Black "Dovahkiin"]
[Result "1/2-1/2 "]
[ECO "A13"]
[WhiteElo "2486"]
[BlackElo "2471"]
[WhiteEngine "AsmFish A25_CTG"]
[BlackEngine "BrainFish_180423_x64_modern_CTG"]
[EventType "Swiss"]
[WhiteTeam ""]
[BlackTeam ""]
[PlyCount "153"]
[TimeControl "300+1"]

1. c4 e6 2. Nf3 d5 3. d4 Nf6 4. Nc3 c6 5. e3 Nbd7 6. Be2 Bd6 7. Qc2 dxc4 
8. O-O O-O 9. Bxc4 a6 10. Rd1 b5 11. Bd3 Qc7 12. Ne4 Nxe4 13. Bxe4 Nf6 
14. Bd3 c5 15. dxc5 Qxc5 16. a4 bxa4 17. Qxc5 Bxc5 18. Rxa4 Bb7 19. Bd2 Rfd8 
20. Bc3 Be7 21. Ba5 Rdc8 22. Ne5 h6 23. Raa1 Be4 24. Bf1 Nd5 25. Rd2 f6 
26. Rd4 Bh7 27. Nf3 Rab8 28. Bxa6 Rc2 29. Bc4 Rcxb2 30. Re1 Kf7 31. Bxd5 exd5 
32. Rxd5 Rb1 33. Rdd1 Rxd1 34. Rxd1 Bc5 35. Bc3 Rb1 36. Rxb1 Bxb1 37. Nd4 h5 
38. Kf1 Bd3+ 39. Ke1 g5 40. Kd2 Bf1 41. g3 Bb6 42. Kc2 Kg6 43. Bb4 f5 
44. Bc3 Bg2 45. Kd3 Bd8 46. f3 Bf6 47. Ke2 g4 48. Bb4 f4 49. fxg4 fxg3 
50. gxh5+ Kxh5 51. hxg3 Bxd4 52. exd4 Kg4 53. Bd6 Kf5 54. Kd3 Bd5 55. Kc3 Ke4 
56. g4 Be6 57. g5 Kd5 58. Be7 Bf5 59. Bf6 Bg6 60. Kb4 Kc6 61. Ka5 Bb1 
62. Ka6 Be4 63. Ka7 Kc7 64. Bg7 Bg6 65. Be5+ Kc6 66. Kb8 Bf5 67. Bh8 Bd7 
68. Bg7 Bh3 69. Bf6 Bf5 70. Be5 Kb6 71. d5 Kc5 72. d6 Kb6 73. Bg3 Bh3 74. g6 Be6 
75. g7 Kc6 76. Be5 Kd7 77. Ka7 1/2-1/2